 Dungeon Sprint DCSS version 0.30-a0-465-g8901f6c8b5 (webtiles) character file.

Game seed: 14715137245294616118

5369 holysushi the Fetichist (level 10, -31/108 HPs)
             Began as an Octopode Artificer on Dec 18, 2022.
             Was the Champion of Vehumet.
             Annihilated by Cadukk the pandemonium lord (46 damage)
             ... in the Dungeon (Sprint V: "Ziggurat Sprint").
             The game lasted 00:09:32 (372 turns).

holysushi the Fetichist (Octopode Artificer)         Turns: 372, Time: 00:09:32

Health: -31/108    AC:  1    Str: 11    XL:     10   Next: 65%
Magic:  18/18      EV: 32    Int: 25    God:    Vehumet [******]
Gold:   0          SH:  5    Dex: 30    Spells: 9/20 levels left

rFire   . . .      SeeInvis .    l - +7 Singing Sword {vorpal, sonic wave}
rCold   + . .      Faith    .    (no shield)
rNeg    . . .      Spirit   .    (helmet restricted)
rPois   +          Reflect  +    J - amulet of reflection
rElec   .          Harm     .    o - +6 ring of dexterity
rCorr   .          Rampage  .    p - +6 ring of dexterity
Will    .....      NoTele   +    q - +6 ring of intelligence
Stlth   ..........               r - +6 ring of intelligence
HPRegen 0.38/turn                F - ring of protection from cold
MPRegen 0.16/turn                I - ring of poison resistance
                                 (no ring)
                                 (no ring)

@: berserking, hasted, studying Maces & Flails, very quick
A: almost no armour, amphibious, 8 rings, camouflage 1, gelatinous body 1,
(nimble swimmer 1), tentacles
a: Renounce Religion


You were in the Dungeon.
You worshipped Vehumet.
Vehumet was exalted by your worship.
You visited 1 branch

Inventory:

Hand Weapons
 a - the +6 Majin-Bo {vamp, MP+6 Int+6}
   (You found it in the Dungeon)

   It heals its wielder for a portion of the damage dealt when they wound a
   living foe with it or with a spell.
   Its wielder's spells cost health as well as magical power.
   Int:       It affects your intelligence (+6).
   MP:        It affects your magic capacity (+6).
 l - the +7 Singing Sword (weapon) {vorpal, sonic wave}
   (You found it in the Dungeon)

   It inflicts extra damage upon your enemies.
   It radiates damaging sonic waves as it strikes, especially in combat
   involving dangerous or numerous foes.
 m - the +8 lance "Wyrmbane" {slay drac, rPois rF+ rC+ AC+3}
   (You found it in the Dungeon)

   It inflicts extra damage against dragons and draconians.
   AC:        It affects your AC (+3).
   rF:        It protects you from fire.
   rC:        It protects you from cold.
   rPois:     It protects you from poison.
 L - the +8 halberd "Qexuryrch" {vorpal, rN++ Dex+7}
   (You found it in the Dungeon)

   It inflicts extra damage upon your enemies.
   Dex:       It affects your dexterity (+7).
   rN:        It greatly protects you from negative energy.
Armour
 k - the +18 shield of the Gong {rElec rN+ Will+ EV-5}
   (You found it in the Dungeon)

   It is deafeningly noisy when blocking attacks.
   EV:        It affects your evasion (-5).
   rElec:     It insulates you from electricity.
   rN:        It protects you from negative energy.
   Will:      It increases your willpower.
Jewellery
 n - a ring of flight
 o - a +6 ring of dexterity (left tentacle)
 p - a +6 ring of dexterity (right tentacle)
 q - a +6 ring of intelligence (on tentacle)
 r - a +6 ring of intelligence (on tentacle)
 s - a +6 ring of strength
 t - a +6 ring of strength
 F - a ring of protection from cold (on tentacle)
 I - a ring of poison resistance (on tentacle)
 J - an amulet of reflection (around mantle)
 M - a ring of ice
Wands
 b - a wand of flame (15) (quivered)
 c - a wand of charming (15)
 u - a wand of mindburst (7)
Scrolls
 y - 2 scrolls of amnesia
 C - 7 scrolls of fog
 D - 5 scrolls of identify
 E - 2 scrolls of fear
Potions
 e - 10 potions of curing
 f - 10 potions of heal wounds
 g - 5 potions of haste
 h - 7 potions of magic
 i - 2 potions of berserk rage
 w - 2 potions of brilliance
 x - 2 potions of invisibility
 z - 4 potions of resistance
 B - 5 potions of might
Miscellaneous
 A - a lightning rod (inert)
 G - a phantom mirror (inert)
 H - a phial of floods (inert)
 K - a tin of tremorstones (2/2)


   Skills:
 + Level 8.1 Fighting
 * Level 16.5 Dodging
 - Level 2.8 Stealth
 + Level 5.6 Spellcasting
 + Level 3.2 Fire Magic
 - Level 16.8 Evocations


You had 9 spell levels left.
You knew the following spells:

 Your Spells              Type           Power      Damage    Failure   Level
a - Fireball              Conj/Fire      7%         3d5       28%         5
b - Starburst             Conj/Fire      7%         6d4       80%         6

Your spell library contained the following spells:

 Spells                   Type           Power      Damage    Failure   Level
 Dazzling Flash           Conj/Hex       14%        N/A       7%          3
 Foxfire                  Conj/Fire      60%        2x1d7     1%          1
 Freeze                   Ice            28%        1d5       2%          1
 Kiss of Death            Conj/Necr      28%        2d7       2%          1
 Sandblast                Erth           14%        2d6       2%          1
 Freezing Cloud           Conj/Ice/Air   3%         6-21      45%         5
 Anguish                  Hex/Necr       3%         N/A       61%         4
 Ice Form                 Ice/Tmut       7%         N/A       61%         4
 Simulacrum               Ice/Necr       3%         N/A       100%        6
 Enfeeble                 Hex            3%         N/A       100%        7
 Borgnjor's Revivificati  Necr           3%         N/A       100%        8
 Necromutation            Tmut/Necr      3%         N/A       100%        8
 Polar Vortex             Ice            3%         N/A       100%        9


Dungeon Overview and Level Annotations

Branches:
Dungeon (1/1) Zot: 27000

Altars:
Ashenzari
Cheibriados
Dithmenos
Elyvilon
Fedhas
Gozag
Hepliaklqana
Kikubaaqudgha
Makhleb
Nemelex Xobeh
Okawaru
Qazlal
Ru
Sif Muna
Trog
Uskayaw
Vehumet
Wu Jian
Xom
Yredelemnul
Zin
The Shining One
Jiyva
Lugonu

Annotations:
D 1 transporter


Innate Abilities, Weirdness & Mutations

You cannot wear most types of armour.
You are amphibious.
You can wear up to eight rings at the same time.
Your skin changes colour to match your surroundings (Stealth+).
Your rubbery body absorbs attacks. (AC +1, EV +1)
((You are camouflaged when in or above water. (Stealth+)))
You have tentacles for arms and can constrict up to eight enemies at once.


Message History

Cadukk barely misses you.
Aiming: Iceblast
Press: ? - help, Shift-Dir - straight line, p - Cadukk The mass of ice explodes!
The iceblast engulfs Cadukk!
Cadukk partially resists.
Cadukk is almost dead.
Cadukk tramples you!
You hold your ground!
Cadukk completely misses you.
Aiming: Iceblast
Press: ? - help, Shift-Dir - straight line The mass of ice explodes!
The iceblast engulfs Cadukk!!
Cadukk partially resists.
Cadukk is almost dead.
The now-empty wand crumbles to dust.
Cadukk tramples you!!!
Ouch! That really hurt!
* * * LOW HITPOINT WARNING * * *
You hold your ground!
You don't have any such object.
Evoke which item? (* to show all) (? for menu, Esc to quit)
You don't have any such object.
Evoke which item? (* to show all) (? for menu, Esc to quit)
Okay, then.
Okay, then.
Okay, then.
Okay, then.
Okay, then.
Okay, then.
A red film seems to cover your vision as you go berserk!
You feel yourself moving faster!
You feel mighty! Cadukk tramples you!!
* * * LOW HITPOINT WARNING * * *
You hold your ground!
You miss Cadukk.
Cadukk is almost dead.
Cadukk completely misses you.
You barely miss Cadukk.
Cadukk is almost dead.
You block Cadukk's attack. Cadukk misses you.
You completely miss Cadukk.
Cadukk is almost dead.
Cadukk tramples you!!!
You die...

▓...=.....▓..|)[..▓
▓.........▓..))...▓
▓.........▓...)...▓
▓....)....▓.......▓
▓.........▓.......▓
▓.........▓.▓...▓.▓
▓....©....▓...©...▓
▓▓▓▓▓▓▓▓▓▓▓▓▓▓▓▓▓▓▓
▓...8©8.@.▓..8©8..▓
▓..="[[.&.▓..|....▓
▓...=:[...▓..[)...▓
▓~~~~.....▓...)...▓
▓~~~~.)...▓...)...▓
▓~~~~.....▓.......▓
▓~~~~.....▓....†..▓
▓~▓~~...▓.▓.▓.).▓.▓
▓....©....▓...©...▓


You could see Cadukk (waterlogged).

Vanquished Creatures
  A tentacled starspawn (D)
  A sun demon (D)
  A spriggan druid (D)
  2 efreet (D)
  An ancient zyme (D)
  A tarantella (D)
  3 spriggans (D)
  A golden eye (D)
  A fire elemental (D)
  2 hell hounds (D)
  A black bear (D)
  3 orc warriors (D)
  A wolf (D)
  A necrophage (D)
  A scorpion (D)
  4 crimson imps (D)
  An orc priest (D)
  An iron imp (D)
  A jelly (D)
  An orc wizard (D)
  2 shadow imps (D)
  3 white imps (D)
  An ufetubus (D)
  An orc (D)
  2 endoplasms (D)
  A ball python skeleton (D)
  A ball python zombie (D)
  A jackal skeleton (D)
41 creatures vanquished.

Vanquished Creatures (collateral kills)
  A death yak (D)
  An ufetubus (D)
2 creatures vanquished.

Vanquished Creatures (others)
  2 fire vortices (D)
2 creatures vanquished.

Grand Total: 45 creatures vanquished

Notes
Turn   | Place    | Note
-------+----------+-------------------------------------------
     0 | D        | holysushi the Octopode Artificer began the quest for the
                  | Orb.
     0 | D        | Reached XP level 1. HP: 13/13 MP: 1/1
     1 | D        | Found a blossoming altar of Fedhas.
     1 | D        | Found the +6 Majin-Bo {vamp, MP+6 Int+6}
     1 | D        | Found the +27 heavy crossbow "Sniper" {vorpal, Acc+∞ SInv}
     1 | D        | Found the +10 dark maul {vorpal}
     1 | D        | Found the +15 Maxwell's patent armour {-Cast -Tele rElec
                  | Will+ rCorr}
     1 | D        | Found the +18 shield of the Gong {rElec rN+ Will+ EV-5}
     1 | D        | Found the +14 obsidian axe {vorpal, Mesm Drain Fly SInv}
     1 | D        | Found the +7 great mace "Firestarter" {inner flame, rF++}
     1 | D        | Found the +6 shillelagh "Devastator" {shatter}
     1 | D        | Found the +11 plutonium sword {Contam Stlth-}
     1 | D        | Found the +8 lance "Wyrmbane" {slay drac, rPois rF+ rC+
                  | AC+3}
     1 | D        | Found the +9 sword of Zonguldrok {reap}
     1 | D        | Found the +13 scythe of Curses {drain, Drain}
     1 | D        | Found the +5 sword of Power {vorpal}
     1 | D        | Found the +7 mace of Variability {chain chaos}
     1 | D        | Found the +7 Singing Sword {vorpal, sonic wave}
     1 | D        | Found the +8 storm bow {elec, penet}
     2 | D        | Found a transporter.
     2 | D        | Found a viscous altar of Jiyva.
     2 | D        | Found an ancient bone altar of Kikubaaqudgha.
     2 | D        | Found a hazy altar of Hepliaklqana.
     2 | D        | Found a corrupted altar of Lugonu.
     2 | D        | Found an opulent altar of Gozag.
     2 | D        | Found a burning altar of Makhleb.
     4 | D        | Found a stormy altar of Qazlal.
     4 | D        | Found a sacrificial altar of Ru.
     4 | D        | Found an iron altar of Okawaru.
     4 | D        | Found a shimmering blue altar of Sif Muna.
     4 | D        | Found a sparkling altar of Nemelex Xobeh.
     4 | D        | Found a bloodstained altar of Trog.
    36 | D        | Reached XP level 2. HP: 18/18 MP: 2/2
   129 | D        | Became a worshipper of Vehumet
   142 | D        | Entered arena 2.
   142 | D        | Noticed a tarantella
   142 | D        | Noticed a scorpion
   142 | D        | Found a transporter.
   144 | D        | Killed a tarantella
   145 | D        | Reached skill level 5 in Dodging
   145 | D        | Reached XP level 3. HP: 23/23 MP: 3/3
   145 | D        | Reached XP level 4. HP: 28/28 MP: 4/4
   145 | D        | Reached XP level 5. HP: 33/33 MP: 5/5
   146 | D        | Reached XP level 6. HP: 38/38 MP: 6/6
   155 | D        | Entered arena 3.
   155 | D        | Noticed an ancient zyme
   155 | D        | Found a transporter.
   157 | D        | Reached * piety under Vehumet
   157 | D        | Offered knowledge of Sandblast by Vehumet.
   159 | D        | Killed an ancient zyme
   159 | D        | Reached ** piety under Vehumet
   160 | D        | Reached XP level 7. HP: 47/47 MP: 7/7
   167 | D        | Got the amulet "Yxu Mara" {Spirit Will+ MP-9 Str+3 SInv}
   173 | D        | Entered arena 4.
   173 | D        | Found a transporter.
   188 | D        | Entered arena 5.
   188 | D        | Noticed a golden eye
   188 | D        | Found a transporter.
   189 | D        | Killed a golden eye
   189 | D        | Reached *** piety under Vehumet
   190 | D        | Reached skill level 5 in Fighting
   200 | D        | Learned a level 1 spell: Sandblast
   200 | D        | Entered arena 6.
   200 | D        | Noticed a tentacled starspawn
   200 | D        | Found a transporter.
   201 | D        | Offered knowledge of Kiss of Death by Vehumet.
   201 | D        | Reached **** piety under Vehumet
   202 | D        | Reached skill level 10 in Dodging
   204 | D        | Killed a tentacled starspawn
   204 | D        | Reached ***** piety under Vehumet
   205 | D        | Reached skill level 15 in Evocations
   205 | D        | Reached XP level 8. HP: 55/55 MP: 8/8
   205 | D        | Reached XP level 9. HP: 61/61 MP: 9/9
   207 | D        | Learned a level 1 spell: Kiss of Death
   222 | D        | Got the +8 halberd "Qexuryrch" {vorpal, rN++ Dex+7}
   224 | D        | Entered arena 7.
   225 | D        | Offered knowledge of Dazzling Flash by Vehumet.
   229 | D        | Found a transporter.
   241 | D        | Got Jeriuvin's Precepts of the Grisly Blizzard
   250 | D        | Entered arena 8.
   250 | D        | Noticed a spriggan druid
   253 | D        | Killed a spriggan druid
   253 | D        | Reached ****** piety under Vehumet
   254 | D        | Reached skill level 15 in Dodging
   256 | D        | Reached XP level 10. HP: 67/69 MP: 13/15
   256 | D        | Found a transporter.
   281 | D        | Entered arena 9.
   291 | D        | Found a transporter.
   297 | D        | Got the Compendium of Exhumation
   306 | D        | Learned a level 5 spell: Fireball
   313 | D        | Learned a level 6 spell: Starburst
   324 | D        | Entered arena 10.
   324 | D        | Noticed a death yak
   324 | D        | Noticed Cadukk the pandemonium lord
   324 | D        | Noticed a sun demon
   324 | D        | Identified the +8 dagger of Change {vorpal, rF+ rC+ Dex+4}
   328 | D        | Found a transporter.
   337 | D        | Killed a sun demon
   338 | D        | Reached skill level 5 in Spellcasting
   343 | D        | Killed a death yak
   372 | D        | Annihilated by Cadukk the pandemonium lord

Illustrated notes

Levels and vault maps discovered:
D:        sprint_v [room_start, room_1, room_2, room_3, room_4, room_5, room_6,
          room_7, room_8, room_9, room_10, room_11, room_12, room_13, room_14,
          room_15, room_16, room_17, room_18, room_19, room_20, room_21,
          room_22, room_23, room_24, room_25, room_26, room_27]

Skill      XL: |  1  2  3  4  5  6  7  8  9 10 |
---------------+-------------------------------+-----
Evocations     | 8 12 13 15 16 | 16.8
Dodging        | 5 6 8 13 15 16 | 16.5
Stealth        | 2 |  2.8
Fighting       | 3 5 6 8 |  8.1
Spellcasting   | 3 5 |  5.6
Fire Magic     | 3 |  3.2

Action                   |  1- 3 |  4- 6 |  7- 9 | 10-12 || total
-------------------------+-------+-------+-------+-------++-------
Melee: Double sword      |       |       |       |     3 ||     3
Evoke: Lightning rod     |     2 |     5 |    20 |    13 ||    40
       Wand              |       |       |       |    12 ||    12
       Phantom mirror    |       |       |       |     5 ||     5
       Phial of floods   |       |       |       |     3 ||     3
  Use: Potion            |     1 |       |       |     2 ||     3
       Scroll            |       |       |       |     6 ||     6
Dodge: Dodged            |       |       |     5 |    11 ||    16
Block: Other             |       |       |       |     1 ||     1

Table legend: (Time is in decaauts)
 A = Elapsed time spent in this place.
 B = Non-inter-level travel time spent in this place.
 C = Inter-level travel time spent in this place.
 D = Time resting spent in this place.
 E = Time spent auto-exploring this place.
 F = Levels seen in this place.
 G = Mean time per level.
                   A        B        C        D        E       F      G
               +--------+--------+--------+--------+--------+-----+--------+
         Total |    354 |    354 |      0 |      0 |      0 |   1 |  354.0 |
       Dungeon |    354 |    354 |      0 |      0 |      0 |   1 |  354.0 |
               +--------+--------+--------+--------+--------+-----+--------+

Top non-repeatable levels by time:
       D: 354 daAuts
